 Dungeon Crawl Stone Soup version 0.25-a0-341-g6f074c887a (webtiles) character file.

Game seed: 1648471586849723336, levelgen mode: deterministic

2994 pk666 the Thaumaturge (level 9, -14/45 HPs)
             Began as a Deep Elf Wizard on Dec 30, 2019.
             Was an Initiate of Vehumet.
             Demolished by Harold
             ... wielding a +0 battleaxe
              (26 damage)
             ... on level 8 of the Dungeon.
             The game lasted 00:21:23 (10037 turns).

pk666 the Thaumaturge (Deep Elf Wizard)            Turns: 10037, Time: 00:21:28

Health: -14/45     AC:  6    Str:  4    XL:     9   Next: 54%
Magic:  8/33       EV: 16    Int: 27    God:    Vehumet [......]
Gold:   334        SH:  0    Dex: 13    Spells: 16/27 levels left

rFire    . . .     SeeInvis .   D - +0 dagger (elec)
rCold    . . .     Gourm    .   (no shield)
rNeg     + . .     Faith    .   a - +0 robe
rPois    .         Spirit   .   b - +0 hat
rElec    .         Reflect  .   w - +1 cloak
rCorr    .         Harm     .   H - +1 pair of gloves
MR       .....                  (no boots)
Stlth    ++........             (no amulet)
HPRegen  0.15/turn              p - ring of positive energy
MPRegen  0.23/turn              B - ring of magical power

@: lethally poisoned (-14 -> -20), about to teleport
A: no striking features
a: Renounce Religion


You were on level 8 of the Dungeon.
You worshipped Vehumet.
Vehumet was noncommittal.
You were not hungry.

You visited 2 branches of the dungeon, and saw 9 of its levels.

You collected 334 gold pieces.

Inventory:

Hand Weapons
 D - a +0 dagger of electrocution (weapon)
Armour
 a - a +0 robe (worn)
 b - a +0 hat (worn)
 w - a +1 cloak (worn)
 H - a +1 pair of gloves (worn)
Jewellery
 p - a ring of positive energy (left hand)
 B - a ring of magical power (right hand)
Wands
 j - a wand of disintegration (11)
 y - a wand of enslavement (5)
 z - a wand of paralysis (8)
 F - a wand of random effects (13)
Scrolls
 g - 6 scrolls of remove curse
 h - 6 scrolls of teleportation
 k - 2 scrolls of magic mapping {unknown}
 l - 4 scrolls of amnesia {unknown}
 m - 2 scrolls of blinking
 n - 2 scrolls of fog {unknown}
 s - 4 scrolls of identify
 x - 3 scrolls of immolation {unknown}
 A - 2 scrolls of enchant weapon {unknown}
 C - 2 scrolls of fear {unknown}
 E - a scroll of holy word {unknown}
Potions
 c - 5 potions of heal wounds
 e - a potion of degeneration {unknown}
 f - 5 potions of curing
 i - 2 potions of might
 o - 2 potions of lignification {unknown}
 q - a potion of magic {unknown}
 r - a potion of haste
 t - 3 potions of agility
 u - 3 potions of mutation {unknown}
 v - a potion of resistance {unknown}
Comestibles
 d - 16 rations


   Skills:
 + Level 7.6 Dodging
 - Level 2.4 Stealth
 + Level 9.7 Spellcasting
 + Level 7.3 Conjurations
 - Level 2.0 Summonings
 - Level 1.1 Translocations
 + Level 6.6 Fire Magic
 - Level 2.0 Air Magic
 - Level 2.1 Poison Magic


You had 16 spell levels left.
You knew the following spells:

 Your Spells              Type           Power        Failure   Level  Hunger
a - Magic Dart            Conj           ####         1%          1    None
b - Blink                 Tloc           N/A          4%          2    None
c - Conjure Flame         Conj/Fire      ######..     1%          3    None
d - Mephitic Cloud        Conj/Pois/Air  ####....     2%          3    None
e - Call Imp              Summ           ###.....     3%          2    None

Your spell library contained the following spells:

 Spells                   Type           Power        Failure   Level  Hunger
 Slow                     Hex            ##......     7%          2    None


Dungeon Overview and Level Annotations

Branches:
Dungeon (8/15)             Temple (1/1) D:5
   Lair: D:8-11

Altars:
Ashenzari
Cheibriados
Dithmenos
Elyvilon
Fedhas
Hepliaklqana
Kikubaaqudgha
Makhleb
Okawaru
Qazlal
Ru
Sif Muna
Trog
Uskayaw
Vehumet
Wu Jian
Xom
Yredelemnul
Zin
The Shining One

Shops:
D:6 (   D:7 ?(   D:8 *

Annotations:
D:4 2 transporters
D:8 Harold


Message History

You can't do that while held in a net.
Casting: Call Imp (safe; 3% risk of failure)
Confirm with . or Enter, or press ? or * to list all spells.
You blink.
You feel sick.
Harold throws a throwing net.
The throwing net closely misses you.
Found a ration and a ring mail.
Okay, then.
As you read the scroll of teleportation, it crumbles to dust.
You feel strangely unstable.
You feel yourself speed up.
You feel sick.
Your white imp gestures at the hornet.
The puff of frost hits the hornet!
Harold points at you and mumbles some strange words.
The harpoon shot hits you!
* * * LOW HITPOINT WARNING * * *
You are yanked forward by the harpoon shot.
Harold hits you with a +0 battleaxe!!
Ouch! That really hurt!
You die...

................)....
......(.†...##...<)..
#....5(§(o...###).o..
#.##..5.)#†.o..(..†..
#....##.........K.
####.#.............. .
#....#............<.
....#.........#####.....
.......@.....## ##....
.......@....## ##.#.
...........%# #. #
.....[......# #.
............# #.
............# #.
....#........
...##.........


You could see Harold, a friendly crimson imp and a friendly white imp.

Vanquished Creatures
  Pikel (D:6)
  A troll (D:7)
  Menkaure (D:6)
  2 black bears (D:7)
  A sky beast (D:7)
  An ice beast (D:6)
  4 ogres
  2 bullfrogs
  A big kobold (D:7)
  Dowan (D:4)
  A scorpion (D:7)
  A killer bee (D:8)
  2 crimson imps (D:5)
  3 bullfrog zombies
  Crazy Yiuf (D:6)
  2 jellies
  5 orc priests
  9 orc wizards
  2 hounds
  2 iguanas
  4 worker ants
  A hound skeleton (D:4)
  Robin (D:4)
  3 adders
  A howler monkey skeleton (D:5)
  An ooze (D:2)
  An adder skeleton (D:6)
  3 worms
  2 dart slugs (D:1)
  2 leopard geckos
  25 orcs
  6 giant cockroaches
  4 hobgoblins
  13 kobolds
  5 quokkas
  13 bats
  7 frilled lizards
  12 goblins
  A jackal skeleton (D:6)
  8 rats
156 creatures vanquished.

Vanquished Creatures (collateral kills)
  Eustachio (D:4)
  Duvessa (D:4)
  A hound (D:5)
  An iguana (D:4)
4 creatures vanquished.

Vanquished Creatures (others)
  A scorpion (D:6)
  A killer bee (D:8)
2 creatures vanquished.

Grand Total: 162 creatures vanquished

Notes
Turn   | Place    | Note
-------+----------+-------------------------------------------
     0 | D:1      | pk666 the Deep Elf Wizard began the quest for the Orb.
     0 | D:1      | Reached XP level 1. HP: 10/10 MP: 7/7
    89 | D:1      | Found a snail-covered altar of Cheibriados.
   231 | D:1      | Reached XP level 2. HP: 14/15 MP: 7/9
   933 | D:2      | Reached skill level 5 in Spellcasting
   933 | D:2      | Reached XP level 3. HP: 19/19 MP: 8/11
   937 | D:2      | Learned a level 2 spell: Blink
   941 | D:2      | Learned a level 3 spell: Conjure Flame
   945 | D:2      | Learned a level 3 spell: Mephitic Cloud
  1599 | D:2      | Reached XP level 4. HP: 24/24 MP: 3/13
  1673 | D:2      | Learned a level 2 spell: Call Imp
  2454 | D:3      | Found a shattered altar of Ashenzari.
  2817 | D:4      | Found a transporter.
  2817 | D:4      | Noticed Robin
  2843 | D:4      | Killed Robin
  2843 | D:4      | Reached skill level 1 in Poison Magic
  3312 | D:4      | Noticed a small abomination
  3314 | D:4      | Identified the +2 short sword of Paotwuec {distort, rC+
                  | rN+}
  3314 | D:4      | Noticed a big kobold
  3329 | D:4      | Found a transporter.
  3336 | D:4      | Reached XP level 5. HP: 28/28 MP: 11/15
  3383 | D:4      | Noticed Duvessa
  3383 | D:4      | Noticed Dowan
  3414 | D:4      | Noticed an ogre
  3838 | D:3      | Killed an ogre
  3838 | D:3      | Reached skill level 1 in Fire Magic
  3838 | D:3      | Reached skill level 1 in Air Magic
  4238 | D:4      | Reached XP level 6. HP: 32/32 MP: 7/16
  4245 | D:4      | Killed Duvessa
  4245 | D:4      | Reached skill level 6 in Spellcasting
  4261 | D:4      | Killed Dowan
  4443 | D:4      | Noticed Eustachio
  4491 | D:4      | Killed Eustachio
  4602 | D:4      | Found a glowing golden altar of the Shining One.
  4641 | D:4      | Reached XP level 7. HP: 29/36 MP: 8/18
  4919 | D:5      | Entered Level 5 of the Dungeon
  5367 | D:5      | Found a staircase to the Ecumenical Temple.
  5394 | Temple   | Entered the Ecumenical Temple
  5497 | D:5      | Reached skill level 7 in Spellcasting
  6224 | D:6      | Found Wiytowad's Weapon Shop.
  6277 | D:6      | Reached skill level 5 in Conjurations
  6284 | D:6      | Found a runed translucent door.
  6627 | D:6      | Reached skill level 5 in Dodging
  6627 | D:6      | Reached XP level 8. HP: 41/41 MP: 6/21
  6746 | D:6      | Noticed Crazy Yiuf
  6813 | D:6      | Noticed Menkaure
  6827 | D:6      | Killed Menkaure
  7061 | D:6      | Reached skill level 8 in Spellcasting
  7660 | D:6      | Noticed Pikel
  7687 | D:6      | Killed Pikel
  7687 | D:6      | Reached skill level 5 in Fire Magic
  7955 | D:6      | Killed Crazy Yiuf
  8265 | D:7      | Found Goqienay's Antique Weapon Boutique.
  8524 | D:7      | Found a stormy altar of Qazlal.
  8536 | D:7      | Reached XP level 9. HP: 45/45 MP: 15/23
  8582 | D:7      | Found a shimmering blue altar of Sif Muna.
  8582 | D:7      | Found a hazy altar of Hepliaklqana.
  8582 | D:7      | Found an iron altar of Okawaru.
  8582 | D:7      | Found a radiant altar of Vehumet.
  8583 | D:7      | Found a glowing silver altar of Zin.
  8594 | D:7      | Became a worshipper of Vehumet
  8622 | D:7      | Reached skill level 9 in Spellcasting
  8915 | D:7      | Noticed a troll
  8928 | D:7      | Killed a troll
  9301 | D:7      | Found Wavo's Magic Scroll Shop.
  9477 | D:8      | Found Ykhlidod's Assorted Antiques.
 10034 | D:8      | Noticed Harold
 10037 | D:8      | Demolished by Harold

Levels and vault maps discovered:
D:1:      lemuel_arrival_rhombus, layout_basic, minivault_26,
          cheibriados_altar_1
D:2:      layout_basic, serial_bayou_pond_c
D:3:      layout_rooms, lemuel_coloured_pillars_altar
D:4:      layout_cave_pools, first_ration, gammafunk_ghost_abyssal_escape,
          nicolae_tso_carved_into_rock, uniq_duvessa, uniq_robin, uniq_eustachio
D:5:      layout_basic, minmay_temple_entry_sparse_star
D:6:      layout_loops_ring, serial_shops, shop, uniq_menkaure,
          uniq_crazy_yiuf_cottage, uniq_pikel
D:7:      layout_loops_corners, grunt_temple_overflow_open, serial_shops,
          kennysheep_mini_moat, shop, minmay_fractal_squares_gapless_5
D:8:      layout_cave_pools, grunt_temple_overflow_opulence, serial_gnoll_camp,
          gnoll_camp_mini_shop, gnoll_camp_mini_basic, gnoll_camp_mini_house,
          gnoll_camp_mini_hut, serial_shops, nicolae_shop_behind_doors,
          chequers_serial_rivers_micro_a, blue_anna_alchemist
          [blue_anna_fruit_fields, blue_anna_fruit_fields], uniq_grum,
          uniq_harold, uniq_prince_ribbit1, uniq_maurice
Temple:   nicolae_temple_god_jail

Skill      XL: |  1  2  3  4  5  6  7  8  9 |
---------------+----------------------------+-----
Dodging        | 3 5 6 7 |  7.6
Conjurations   | 2 3 4 5 6 7 |  7.3
Spellcasting   | 5 6 7 8 9 |  9.7
Poison Magic   | 1 2 |  2.1
Summonings     | 2 |  2.0
Fire Magic     | 1 2 4 5 6 |  6.6
Air Magic      | 1 2 |  2.0
Stealth        | |  2.4
Translocations | |  1.1

Action                   |  1- 3 |  4- 6 |  7- 9 || total
-------------------------+-------+-------+-------++-------
Melee: Dagger            |     4 |     4 |     3 ||    11
 Cast: Magic Dart        |    82 |   139 |   313 ||   534
       Mephitic Cloud    |       |    10 |    21 ||    31
       Conjure Flame     |       |     4 |    15 ||    19
       Blink             |       |     4 |     1 ||     5
       Call Imp          |       |     2 |     7 ||     9
  Use: Scroll            |       |       |     8 ||     8
 Stab: Confused          |       |     1 |     1 ||     2
  Eat: Chunk             |     1 |     7 |    13 ||    21
       Ration            |       |     1 |     1 ||     2
Armor: Robe              |     3 |     6 |    14 ||    23
Dodge: Dodged            |    27 |    26 |    73 ||   126

Table legend:
 A = Non-vault XP
 B = Vault XP
 C = Vault XP percentage of total XP
 D = Non-vault monster count
 E = Vault monster count
 F = Vault count percentage of total count
                 A         B        C        D         E       F
            +---------+---------+-------+---------+---------+-------
      Total |    2988 |    1290 |  30.2 |     139 |      22 |  13.7
            +---------+---------+-------+---------+---------+-------
        D:1 |      37 |       0 |   0.0 |      21 |       0 |   0.0
        D:2 |      90 |       0 |   0.0 |      22 |       0 |   0.0
        D:3 |     179 |       4 |   2.2 |      12 |       2 |  14.3
        D:4 |     110 |     339 |  75.5 |      11 |      13 |  54.2
        D:5 |     510 |       0 |   0.0 |      18 |       0 |   0.0
        D:6 |     634 |     730 |  53.5 |      30 |       3 |   9.1
        D:7 |     969 |     217 |  18.3 |      15 |       4 |  21.1
        D:8 |     459 |       0 |   0.0 |      10 |       0 |   0.0
            +---------+---------+-------+---------+---------+-------
